 Dungeon Crawl Stone Soup version 0.21-a0-348-ga060c75 (webtiles) character file.

393 terra52 the Skirmisher (level 6, -5/52 HPs)
             Began as a Demonspawn Skald on Oct 6, 2017.
             Slain by Sigmund
             ... wielding a +0 scythe
              (12 damage)
             ... on level 3 of the Dungeon.
             The game lasted 00:08:14 (2292 turns).

terra52 the Skirmisher (Demonspawn Skald)           Turns: 2292, Time: 00:08:14

Health: -5/52      AC:  6    Str: 13    XL:     6   Next: 51%
Magic:  17/18      EV: 15    Int: 15    God:
Gold:   120        SH:  0    Dex: 12    Spells: 5/9 levels left

rFire    . . .     SeeInvis .   a - +0 hand axe
rCold    . . .     Gourm    .   (no shield)
rNeg     . . .     Faith    .   b - +0 leather armour
rPois    .         Spirit   .   (no helmet)
rElec    .         Reflect  .   o - +2 cloak
rCorr    .         Harm     .   (no gloves)
MR       .....                  (no boots)
Stlth    +.........             (no amulet)
HPRegen  0.17/turn              l - ring of magical power
MPRegen  0.16/turn              (no ring)

@: infused (expiring)
A: claws 1, repulsion field 2
a: no special abilities


You were on level 3 of the Dungeon.
You were not hungry.

You visited 1 branch of the dungeon, and saw 3 of its levels.

You collected 120 gold pieces.

Inventory:

Hand Weapons
 a - a +0 hand axe (weapon)
Missiles
 r - 3 tomahawks (quivered)
Armour
 b - a +0 leather armour (worn)
 g - a +0 ring mail
 o - a +2 cloak (worn)
 p - a +0 chain mail
Jewellery
 l - a ring of magical power (left claw)
Scrolls
 e - 3 scrolls of identify
 i - a scroll of enchant armour
 n - a scroll of amnesia {unknown}
 q - a scroll of teleportation {unknown}
Potions
 h - a potion of magic {unknown}
 j - a potion of curing
 m - a potion of brilliance {unknown}
Books
 c - a book of Battle

   Spells                             Type                      Level
   a - Infusion                       Charms                       1
   b - Shroud of Golubria             Charms/Translocation         2
   c - Song of Slaying                Charms                       2
   d - Spectral Weapon                Hexes/Charms                 3
   e - Regeneration                   Charms/Necromancy            3
Comestibles
 d - 4 bread rations
 f - 7 chunks of flesh
 k - a meat ration


   Skills:
 * Level 5.9 Fighting
 - Level 1.7 Axes
 - Level 0.8 Armour
 - Level 1.7 Dodging
 - Level 2.0 Spellcasting
 - Level 3.1 Charms
 + Level 3.3 Necromancy


You had 5 spell levels left.
You knew the following spells:

 Your Spells              Type           Power        Failure   Level  Hunger
a - Infusion              Chrm           ##..         8%          1    #......
b - Regeneration          Chrm/Necr      ##........   22%         3    ###....


Dungeon Overview and Level Annotations

Branches:
Dungeon (3/15)

Altars:

Annotations:
D:3 Sigmund


Innate Abilities, Weirdness & Mutations

You have sharp fingernails.
You are surrounded by a moderate repulsion field. (EV +3)


Message History

Something hits you but does no damage. Something hits you!
You hit something. Something barely misses you.
You barely miss something. You closely miss something. Something hits you!
You closely miss something.
You hear some strange, mumbled words.
A magic dart appears from out of thin air!
The magic dart hits you!
You closely miss something. Something hits you.
You barely miss something. Something hits you!
You miss something. Something hits you!
* * * LOW HITPOINT WARNING * * *
You closely miss something.
Your magical infusion is running out.
Something hits you.
* * * LOW HITPOINT WARNING * * *
You hit something. You miss something. Something hits you!
You die...

..# #.#.##.# #.#.##.#
###.#.##.######
#.#.#.##.#..)<#
#..#.##.#.#### #.#.##.#.#
# #...##...#### ###
#.####..@{.......#
#####.###...........#.#.##
........####.####...#.#.#
.######.## #......#.#.#.#
.# #..###..#.###...#.# .#
#.#.##............. .#
###.##.#..#####.##### .#
#.........# #.# ##
#.........# #.#


There were no monsters in sight!

Vanquished Creatures
  Grinder (D:3)
  An orc priest (D:3)
  A worker ant (D:2)
  An orc wizard (D:3)
  5 adders
  A dart slug (D:1)
  A leopard gecko (D:1)
  10 orcs (D:3)
  3 ball pythons
  7 bats
  2 giant cockroaches (D:1)
  10 goblins
  4 hobgoblins
  A quokka (D:2)
  4 frilled lizards
  6 kobolds
  A leopard gecko zombie (D:2)
  8 rats
  A plant (D:2)
  3 toadstools (D:1)
71 creatures vanquished.

Vanquished Creatures (others)
  A toadstool (D:1)
1 creature vanquished.

Grand Total: 72 creatures vanquished

Notes
Turn   | Place    | Note
-------+----------+-------------------------------------------
     0 | D:1      | terra52 the Demonspawn Skald began the quest for the Orb.
     0 | D:1      | Reached XP level 1. HP: 16/16 MP: 3/3
   133 | D:1      | Gained mutation: You are surrounded by a mild repulsion field. (EV +2) [demonic ancestry]
   133 | D:1      | Reached XP level 2. HP: 21/23 MP: 0/5
   252 | D:1      | Reached skill level 3 in Fighting
   523 | D:2      | Gained mutation: You are surrounded by a moderate repulsion field. (EV +3) [demonic ancestry]
   523 | D:2      | Reached XP level 3. HP: 2/29 MP: 1/6
   528 | D:2      | Learned a level 3 spell: Regeneration
   797 | D:2      | Reached XP level 4. HP: 11/37 MP: 2/7
  1004 | D:2      | Reached skill level 4 in Fighting
  1004 | D:2      | Reached skill level 1 in Necromancy
  1596 | D:3      | Noticed Sigmund
  1944 | D:3      | Noticed Grinder
  1960 | D:3      | Paralysed by Grinder for 7 turns
  1991 | D:3      | Killed Grinder
  1991 | D:3      | Reached skill level 5 in Fighting
  1991 | D:3      | Reached XP level 5. HP: 19/45 MP: 4/8
  1991 | D:3      | Gained mutation: You have sharp fingernails. [demonic ancestry]
  1991 | D:3      | Reached XP level 6. HP: 22/51 MP: 4/9
  2292 | D:3      | Slain by Sigmund

Vault maps used:
D:1:      ldierk_water_garden
D:2:      serial_forest, infiniplex_forest_lined_ring,
          infiniplex_forest_lined_room_2, infiniplex_forest_corner_1,
          infiniplex_forest_clump_small, infiniplex_forest_clump_small,
          infiniplex_forest_end_2, infiniplex_forest_clump_tiny,
          grunt_ministairs_3, grunt_decor_mini_mirrors,
          kennysheep_generic_room_16
D:3:      cheibrodos_pilgrimage, uniq_grinder, uniq_sigmund,
          uniq_crazy_yiuf_cottage

Skill      XL: |  1  2  3  4 |
---------------+-------------+-----
Fighting       | 3 5 |  5.9
Charms         | 3 |  3.1
Necromancy     | 3 |  3.3
Axes           | |  1.7
Armour         | |  0.8
Dodging        | |  1.7
Spellcasting   | |  2.0

Action                   |  1- 3 |  4- 6 || total
-------------------------+-------+-------++-------
Melee: Hand axe          |    85 |   133 ||   218
 Cast: Infusion          |    12 |    16 ||    28
       Regeneration      |     2 |     4 ||     6
  Use: Potion            |     3 |     2 ||     5
       Scroll            |       |     4 ||     4
  Eat: Chunk             |       |     8 ||     8
Armor: Leather armour    |    15 |    30 ||    45
       Ring mail         |     9 |       ||     9
Dodge: Dodged            |    71 |   105 ||   176

Table legend:
 A = Spawn XP
 B = Non-spawn XP
 C = Spawn XP percentage of total XP
 D = Spawn monster count
 E = Non-spawn monster count
 F = Spawn count percentage of total count
 G = Total turns spent on level
                    A         B        C        D         E        F      G
               +---------+---------+-------+---------+---------+-------+---------
         Total |       0 |     562 |   0.0 |       0 |      67 |   0.0 |  2292
               +---------+---------+-------+---------+---------+-------+---------
           D:1 |       0 |      32 |   0.0 |       0 |      18 |   0.0 |   590
           D:2 |       0 |      91 |   0.0 |       0 |      24 |   0.0 |  1161
           D:3 |       0 |     439 |   0.0 |       0 |      25 |   0.0 |   541
               +---------+---------+-------+---------+---------+-------+---------
